3A
PROVO MANGO @ MYRTLE BEACH SEAHAWKS
08/22/2025
 
TOP OF THE 1ST
Provo Mango batting - Pitching for Myrtle Beach Seahawks : RHP Delano Turnipseed
Pitching: RHP Delano Turnipseed
Batting: RHB James Pike 0-0: Ball
1-0: Swinging Strike
1-1: Ball
2-1: Swinging Strike
2-2: Foul Ball, location: 2F
2-2: Strikes out swinging
Batting: RHB Felipe Córdova 0-0: Swinging Strike
0-1: Ball
1-1: Called Strike
1-2: Ground out 4-3 (Groundball, 4)
Batting: SHB Jesús Herrera 0-0: Ball
1-0: Called Strike
1-1: Swinging Strike
1-2: Strikes out swinging
Top of the 1st over - 0 run(s), 0 hit(s), 0 error(s), 0 left on base; Provo 0 - Myrtle Beach 0
BOTTOM OF THE 1ST
Myrtle Beach Seahawks batting - Pitching for Provo Mango : RHP Salvador Torres
Pitching: RHP Salvador Torres
Batting: RHB Rodney Dudley 0-0: Called Strike
0-1: Ground out 6-3 (Groundball, 6)
Batting: RHB Lance Pinales 0-0: Ball
1-0: Foul Ball, location: 2F
1-1: Swinging Strike
1-2: Ball
2-2: Ground out 4-3 (Groundball, 4)
Batting: RHB Juan Báez 0-0: Ball
1-0: Ball
2-0: Ball
3-0: Base on Balls
Batting: RHB José Morín 0-0: Ball
1-0: Ball
2-0: Called Strike
2-1: Foul Ball, location: 2F
2-2: Strikes out swinging
Bottom of the 1st over - 0 run(s), 0 hit(s), 0 error(s), 1 left on base; Provo 0 - Myrtle Beach 0
TOP OF THE 2ND
Provo Mango batting - Pitching for Myrtle Beach Seahawks : RHP Delano Turnipseed
Batting: RHB Daniel Maldonado 0-0: Foul Ball, location: 2F
0-1: Ball
1-1: Ball
2-1: Fly out, F9 (Line Drive, 9)
Batting: RHB Jaquiski Tartt 0-0: Called Strike
0-1: Ball
1-1: Called Strike
1-2: SINGLE (Groundball, 4MD)
Batting: RHB Mauro Longoria 0-0: Ball
1-0: Fly out, F9 (Flyball, 9)
Batting: RHB Jesús Ramos 0-0: Fly out, F8 (Flyball, 8RM)
Top of the 2nd over - 0 run(s), 1 hit(s), 0 error(s), 1 left on base; Provo 0 - Myrtle Beach 0
BOTTOM OF THE 2ND
Myrtle Beach Seahawks batting - Pitching for Provo Mango : RHP Salvador Torres
Batting: RHB Alejandro Santiago 0-0: Ball
1-0: Ball
2-0: Foul Ball, location: 2F
2-1: Called Strike
2-2: Ball
3-2: Strikes out swinging
Batting: RHB Randall Worthington 0-0: Swinging Strike
0-1: Foul Ball, location: 2F
0-2: Foul Ball, location: 2F
0-2: TRIPLE (Flyball, 9)
Batting: RHB Peter Feng 0-0: Swinging Strike
0-1: Ball
1-1: Foul Ball, location: 2F
1-2: SINGLE (Groundball, 6D)
Randall Worthington scores
Batting: SHB Lowell Mullins 0-0: Ball
1-0: Swinging Strike
1-1: Ball
2-1: Foul Ball, location: 2F
2-2: Strikes out swinging
Batting: RHB Salvador Morales 0-0: Ball
1-0: Swinging Strike
1-1: Ball
2-1: Swinging Strike
2-2: Ground out 4-3 (Groundball, 34D)
Bottom of the 2nd over - 1 run(s), 2 hit(s), 0 error(s), 1 left on base; Provo 0 - Myrtle Beach 1
TOP OF THE 3RD
Provo Mango batting - Pitching for Myrtle Beach Seahawks : RHP Delano Turnipseed
Batting: RHB António Quiñones 0-0: Foul Ball, location: 2F
0-1: Called Strike
0-2: Ground out 6-3 (Groundball, 6)
Batting: RHB Joel Burrell 0-0: Foul Ball, location: 2F
0-1: Ball
1-1: Foul Ball, location: 2F
1-2: SINGLE (Groundball, 56) (infield hit)
Batting: RHB James Pike 0-0: Ball
1-0: Called Strike
1-1: Ground out 6-3 (Groundball, 6S)
Joel Burrell to second
Batting: RHB Felipe Córdova 0-0: Ball
1-0: Fly out, F9 (Line Drive, 9)
Top of the 3rd over - 0 run(s), 1 hit(s), 0 error(s), 1 left on base; Provo 0 - Myrtle Beach 1
BOTTOM OF THE 3RD
Myrtle Beach Seahawks batting - Pitching for Provo Mango : RHP Salvador Torres
Batting: RHB Rodney Dudley 0-0: Foul Ball, location: 2F
0-1: Ball
1-1: Ball
2-1: Foul Ball, location: 2F
2-2: Strikes out swinging
Batting: RHB Lance Pinales 0-0: Foul Ball, location: 2F
0-1: Called Strike
0-2: Ball
1-2: Ball
2-2: Foul Ball, location: 2F
2-2: Ground out 5-3 (Groundball, 56)
Batting: RHB Juan Báez 0-0: Ball
1-0: Ball
2-0: Ball
3-0: Base on Balls
Pitching: RHP Carlos Castillo
Batting: RHB José Morín 0-0: Ball
1-0: Ball
2-0: Foul Ball, location: 2F
2-1: Foul Ball, location: 2F
2-2: DOUBLE (Flyball, 8RD)
Juan Báez to third
Runner from 3rd tries for Home, throw and OUT!
Bottom of the 3rd over - 0 run(s), 1 hit(s), 0 error(s), 1 left on base; Provo 0 - Myrtle Beach 1
TOP OF THE 4TH
Provo Mango batting - Pitching for Myrtle Beach Seahawks : RHP Delano Turnipseed
Batting: SHB Jesús Herrera 0-0: SINGLE (Groundball, 4MS) (infield hit)
Batting: RHB Daniel Maldonado 0-0: Fly out, F9 (Flyball, 9)
Batting: RHB Jaquiski Tartt 0-0: SINGLE (Line Drive, 4MD)
Jesús Herrera to second
Batting: RHB Mauro Longoria 0-0: Ball
1-0: Grounds into double play, 5-4-3 (Groundball, 56)
Top of the 4th over - 0 run(s), 2 hit(s), 0 error(s), 1 left on base; Provo 0 - Myrtle Beach 1
BOTTOM OF THE 4TH
Myrtle Beach Seahawks batting - Pitching for Provo Mango : RHP Carlos Castillo
Batting: RHB Alejandro Santiago 0-0: DOUBLE (Line Drive, 7LM)
Batting: RHB Randall Worthington 0-0: Ball
1-0: Swinging Strike
1-1: Foul Ball, location: 2F
1-2: Ground out 6-3 (Groundball, 6)
Batting: RHB Peter Feng 0-0: Ball
1-0: Foul Ball, location: 2F
1-1: Swinging Strike
1-2: Fly out, F5 (Popup, 5S)
Batting: SHB Lowell Mullins 0-0: Ball
1-0: Called Strike
1-1: Ground out U3 (Groundball, 34)
Bottom of the 4th over - 0 run(s), 1 hit(s), 0 error(s), 1 left on base; Provo 0 - Myrtle Beach 1
TOP OF THE 5TH
Provo Mango batting - Pitching for Myrtle Beach Seahawks : RHP Delano Turnipseed
Batting: RHB Jesús Ramos 0-0: Ball
1-0: Ground out 6-3 (Groundball, 6)
Batting: RHB António Quiñones 0-0: Swinging Strike
0-1: Ball
1-1: SINGLE (Groundball, 6S) (infield hit)
Batting: RHB Joel Burrell 0-0: SINGLE (Groundball, 4M) (infield hit)
António Quiñones to second
Batting: RHB James Pike 0-0: Called Strike
0-1: Ball
1-1: Foul Ball, location: 2F
1-2: Strikes out swinging
Batting: RHB Felipe Córdova 0-0: Foul Ball, location: 2F
0-1: Ball
1-1: Called Strike
1-2: Ball
2-2: Foul Ball, location: 2F
2-2: Fielders Choice at 2nd, 4-6 (Groundball, 4)
Top of the 5th over - 0 run(s), 2 hit(s), 0 error(s), 1 left on base; Provo 0 - Myrtle Beach 1
BOTTOM OF THE 5TH
Myrtle Beach Seahawks batting - Pitching for Provo Mango : RHP Carlos Castillo
Batting: RHB Salvador Morales 0-0: Fly out, F8 (Flyball, 89S)
Batting: RHB Rodney Dudley 0-0: Ball
1-0: Ball
2-0: Called Strike
2-1: Ball
3-1: Foul Ball, location: 2F
3-2: Base on Balls
Batting: RHB Lance Pinales 0-0: Ball
1-0: Foul Ball, location: 2F
1-1: Fly out, F8 (Flyball, 8RM)
Batting: RHB Juan Báez 0-0: SINGLE (Groundball, 6MD)
Rodney Dudley to second
Runner from 2nd tries for 3rd, SAFE, throw made to third
Juan Báez to second
Batting: RHB José Morín 0-0: Ball
1-0: Ball
2-0: Foul Ball, location: 2F
2-1: Fly out, F8 (Flyball, 89M)
Bottom of the 5th over - 0 run(s), 1 hit(s), 0 error(s), 2 left on base; Provo 0 - Myrtle Beach 1
TOP OF THE 6TH
Provo Mango batting - Pitching for Myrtle Beach Seahawks : RHP Delano Turnipseed
Batting: SHB Jesús Herrera 0-0: Called Strike
0-1: Ball
1-1: Foul Ball, location: 2F
1-2: Strikes out looking
Batting: RHB Daniel Maldonado 0-0: Ball
1-0: Called Strike
1-1: Ball
2-1: Ball
3-1: Called Strike
3-2: Ground out 6-3 (Groundball, 56)
Batting: RHB Jaquiski Tartt 0-0: Called Strike
0-1: Ball
1-1: Fly out, F8 (Flyball, 8LD)
Top of the 6th over - 0 run(s), 0 hit(s), 0 error(s), 0 left on base; Provo 0 - Myrtle Beach 1
BOTTOM OF THE 6TH
Myrtle Beach Seahawks batting - Pitching for Provo Mango : RHP Carlos Castillo
Batting: RHB Alejandro Santiago 0-0: Ball
1-0: Ball
2-0: Called Strike
2-1: Ball
3-1: Base on Balls
Batting: RHB Randall Worthington 0-0: Ball
1-0: Ball
2-0: Called Strike
2-1: Ball
3-1: DOUBLE (Line Drive, 89M)
Alejandro Santiago to third
Batting: RHB Peter Feng 0-0: Intentional Walk
Batting: SHB Lowell Mullins 0-0: Called Strike
0-1: Ball
1-1: Called Strike
1-2: Ball
2-2: Foul Ball, location: 2F
2-2: Ball
3-2: Base on Balls
Alejandro Santiago scores
Randall Worthington to third
Peter Feng to second
Batting: RHB Salvador Morales 0-0: Ball
1-0: Called Strike
1-1: Fly out, F8 (Line Drive, 8LD)
Runner from 3rd tags up, SCORES, no throw
Peter Feng to third
Pitching: RHP Freddie Woombill
Batting: RHB Rodney Dudley 0-0: Fly out, F4 (Popup, 34)
Batting: RHB Lance Pinales 0-0: Called Strike
0-1: Foul Ball, location: 2F
0-2: Ball
1-2: Ball
2-2: Ball
3-2: Ground out 6-3 (Groundball, 6)
Bottom of the 6th over - 2 run(s), 1 hit(s), 0 error(s), 2 left on base; Provo 0 - Myrtle Beach 3
TOP OF THE 7TH
Provo Mango batting - Pitching for Myrtle Beach Seahawks : RHP Delano Turnipseed
Batting: RHB Mauro Longoria 0-0: SINGLE (Flyball, 8LS)
Batting: RHB Jesús Ramos 0-0: Bunt - Flyout! F2
Batting: RHB António Quiñones 0-0: Called Strike
0-1: Ball
1-1: Grounds into double play, 5-4-3 (Groundball, 5L)
Top of the 7th over - 0 run(s), 1 hit(s), 0 error(s), 0 left on base; Provo 0 - Myrtle Beach 3
BOTTOM OF THE 7TH
Myrtle Beach Seahawks batting - Pitching for Provo Mango : RHP Freddie Woombill
Batting: RHB Juan Báez 0-0: SINGLE (Line Drive, 9S)
Batting: RHB José Morín 0-0: Called Strike
0-1: Ball
1-1: Swinging Strike
1-2: Ball
2-2: Ball
3-2: Foul Ball, location: 2F
3-2: Strikes out swinging
Juan Báez is caught stealing 2nd base
Batter strikes out.
Batting: RHB Alejandro Santiago 0-0: Fly out, F7 (Flyball, 7LM)
Bottom of the 7th over - 0 run(s), 1 hit(s), 0 error(s), 0 left on base; Provo 0 - Myrtle Beach 3
TOP OF THE 8TH
Provo Mango batting - Pitching for Myrtle Beach Seahawks : RHP Delano Turnipseed
Batting: RHB Joel Burrell 0-0: Called Strike
0-1: Swinging Strike
0-2: Ball
1-2: Strikes out swinging
Pitching: LHP William Sellers
Batting: RHB James Pike 0-0: Ball
1-0: Foul Ball, location: 2F
1-1: Ball
2-1: Ball
3-1: SINGLE (Groundball, 5L) (infield hit)
Pitching: RHP Carlos Ibarra
Batting: RHB Felipe Córdova 0-0: Ball
1-0: Called Strike
1-1: Ball
2-1: Foul Ball, location: 2F
2-2: Foul Ball, location: 2F
2-2: Foul Ball, location: 2F
2-2: SINGLE (Line Drive, 8LS)
James Pike to second
Batting: SHB Jesús Herrera 0-0: Called Strike
0-1: Fly out, F8 (Line Drive, 8LM)
Batting: RHB Daniel Maldonado 0-0: Called Strike
0-1: Foul Ball, location: 2F
0-2: SINGLE (Flyball, 89S)
James Pike to third
Felipe Córdova to second
Throwing error, E9
James Pike scores
Felipe Córdova to third
Daniel Maldonado to second
Pinch Hitting: RHB Juan Morales 0-0: Called Strike
0-1: Ball
1-1: Swinging Strike
1-2: Ball
2-2: Strikes out swinging
Top of the 8th over - 1 run(s), 3 hit(s), 1 error(s), 2 left on base; Provo 1 - Myrtle Beach 3
BOTTOM OF THE 8TH
Myrtle Beach Seahawks batting - Pitching for Provo Mango : RHP Freddie Woombill
Now at 1B: Juan Morales
Batting: RHB Randall Worthington 0-0: Ball
1-0: Ball
2-0: Ball
3-0: Base on Balls
Batting: RHB Peter Feng 0-0: Sac Bunt - play at first, batter safe!
Randall Worthington to second
Pinch Hitting: RHB Jim Unknown 0-0: Ball
1-0: Swinging Strike
1-1: Ball
2-1: SINGLE (Groundball, 34D)
Randall Worthington to third
Peter Feng to second
Pinch Hitting: RHB León Sánchez 0-0: Called Strike
0-1: Foul Ball, location: 2F
0-2: Grounds into fielders choice 4-2 (Groundball, 4)
Peter Feng to third
Jim Unknown to second
Batting: RHB Rodney Dudley 0-0: Ball
1-0: Foul Ball, location: 2F
1-1: Foul Ball, location: 2F
1-2: Ball
2-2: Grounds into fielders choice 6-2 (Groundball, 6)
Jim Unknown to third
León Sánchez to second
Pinch Hitting: RHB Jim Unknown 0-0: Fly out, F6 (Line Drive, 6M)
Bottom of the 8th over - 0 run(s), 2 hit(s), 0 error(s), 3 left on base; Provo 1 - Myrtle Beach 3
TOP OF THE 9TH
Provo Mango batting - Pitching for Myrtle Beach Seahawks : RHP Carlos Ibarra
Pitching: RHP Jesús Martínez
Now at 2B: Gabriel López
Now at 3B: León Sánchez
Now in LF: Jim Unknown
Batting: RHB Mauro Longoria 0-0: Foul Ball, location: 2F
0-1: Swinging Strike
0-2: Strikes out looking
Batting: RHB Jesús Ramos 0-0: Called Strike
0-1: Reached on error, E3 (Groundball, 34)
Pinch Hitting: LHB Jim Unknown 0-0: Ball
1-0: Foul Ball, location: 2F
1-1: Ball
2-1: Called Strike
2-2: Strikes out swinging
Batting: RHB Joel Burrell 0-0: Called Strike
0-1: Foul Ball, location: 2F
0-2: Strikes out swinging
Top of the 9th over - 0 run(s), 0 hit(s), 1 error(s), 1 left on base; Provo 1 - Myrtle Beach 3
Friday, December 30th, 2016 - OOTP Baseball 17.12 Build 75